 Dungeon Crawl Stone Soup version 0.18.1-48-g4cf74bf (webtiles) character file.

20456 Kisielow the Carver (level 12, -26/107 HPs)
             Began as a Minotaur Fighter on June 27, 2016.
             Was a Priest of Yredelemnul.
             Killed from afar by an ice statue (27 damage)
             ... with a shard of ice
             ... in an ice cave.
             The game lasted 00:37:58 (13482 turns).

Kisielow the Carver (Minotaur Fighter)             Turns: 13482, Time: 00:38:00

Health: -26/107    AC: 17    Str: 29    XL:     12   Next: 45%
Magic:  27/27      EV:  6    Int: 20    God:    Yredelemnul [***...]
Gold:   658        SH: 22    Dex: 10    Spells: 0 memorised, 11 levels left

rFire  . . .     SeeInvis +     a - +2 long sword
rCold  . . .     Gourm    .     N - +0 chain mail "Quex" {rElec rPois Int+4}
rNeg   . . .     Faith    .     G - +3 large shield "Boiv" {Int+6}
rPois  +         Spirit   .     d - +3 hat of Pondering {ponderous, MR+ MP+10 Int+5}
rElec  +         Dismiss  .     y - +1 cloak of the Hidden Vale {Str+3}
rCorr  +         Reflect  .     (no gloves)
SustAt .         Harm     .     (no boots)
MR     +....                    (no amulet)
Stlth  ..........               F - ring of see invisible
                                h - ring of resist corrosion

@: slow, somewhat resistant to hostile enchantments, extremely unstealthy
A: retaliatory headbutt, horns 2
a: Recall Undead Slaves, Injury Mirror, Animate Dead, Renounce Religion


You were in an ice cave.
You worshipped Yredelemnul.
Yredelemnul was most pleased with you.
You were not hungry.

You visited 3 branches of the dungeon, and saw 15 of its levels.
You also visited: Sewer and Ice Cave.

You collected 658 gold pieces.

Inventory:

Hand Weapons
 a - a +2 long sword (weapon)
Armour
 d - the +3 hat of Pondering (worn) {ponderous, MR+ MP+10 Int+5}
   (You took it off Gastronok on level 9 of the Dungeon)

   It affects your intelligence (+5).
   It affects your resistance to hostile enchantments.
   It affects your magic capacity (+10).
 y - the +1 cloak of the Hidden Vale (worn) {Str+3}
   (You found it on level 3 of the Lair of Beasts)

   It affects your strength (+3).
 G - the +3 large shield "Boiv" (worn) {Int+6}
   (You found it on level 1 of the Lair of Beasts)

   It affects your intelligence (+6).
 N - the +0 chain mail "Quex" (worn) {rElec rPois Int+4}
   (You found it on level 11 of the Dungeon)

   It affects your intelligence (+4).
   It insulates you from electricity.
   It protects you from poison.
Jewellery
 h - a ring of resist corrosion (left hand)
 r - a +5 ring of intelligence
 w - an uncursed ring of wizardry
 F - a ring of see invisible (right hand)
Wands
 e - a wand of slowing (28/48)
 v - a wand of digging (13/24)
 O - a wand of lightning (7/15)
Scrolls
 c - 3 scrolls of identify
 g - a scroll of enchant armour
 i - 4 scrolls of blinking
 l - 5 scrolls of fog
 t - a scroll of amnesia
 x - 4 scrolls of remove curse
 A - 2 scrolls of recharging
 H - 4 scrolls of teleportation
 K - 2 scrolls of fear
Potions
 j - a potion of brilliance
 m - a potion of invisibility
 p - 2 potions of agility
 q - 3 potions of curing
 z - 2 potions of flight
Books
 u - a book of Unlife

   Spells                             Type                      Level
   a - Recall                         Summoning/Translocation      3
   b - Animate Dead                   Necromancy                   4
   c - Control Undead                 Necromancy                   4
   d - Cigotuvi's Embrace             Necromancy                   5
   e - Death Channel                  Necromancy                   6
   f - Simulacrum                     Ice/Necromancy               6
Comestibles
 f - 11 bread rations
 k - 2 beef jerkies
 n - 6 meat rations
 o - a royal jelly
 s - 6 slices of pizza
 C - 5 fruits


   Skills:
 + Level 10.4 Fighting
 * Level 13.0 Long Blades
 + Level 10.5 Armour
 + Level 10.1 Shields
 - Level 8.0 Invocations
 - Level 7.0 Evocations


You had 11 spell levels left.
You didn't know any spells.

Dungeon Overview and Level Annotations

Branches:
Dungeon (11/15)            Temple (1/1) D:7            Lair (3/8) D:11
    Orc (0/2) D:10
  Swamp: Lair:3-6    Shoals: Lair:3-6     Snake: Lair:3-6    Spider: Lair:3-6

Altars:
Ashenzari
Cheibriados
Dithmenos
Elyvilon
Fedhas
Gozag
Kikubaaqudgha
Makhleb
Nemelex Xobeh
Okawaru
Pakellas
Qazlal
Ru
Sif Muna
Trog
Vehumet
Xom
Yredelemnul
Zin
The Shining One
Beogh

Shops:
D:4 =   D:5 }   D:10 *

Annotations:
IceCv exclusion: 2 ice statues


Innate Abilities, Weirdness & Mutations

You reflexively headbutt those who attack you in melee.
You have a pair of horns on your head.


Message History

Drink which item? (? for menu, Esc to quit)
You feel better.
You feel less invigorated. You block the ice beast's attack.
The ice statue gestures at you. The freezing blast engulfs you!
You block the ice beast's attack.
You hit the ice statue.
The ice statue is heavily damaged.
You are engulfed in freezing vapours.
* * * LOW HITPOINT WARNING * * *
You block the ice beast's attack.
The ice statue gestures.
You block the ice beast's attack.
You slash the ice statue!
The ice statue is heavily damaged.
You are engulfed in freezing vapours.
* * * LOW HITPOINT WARNING * * *
You block the ice beast's attack. The ice statue gestures at you.
The shard of ice hits you!
You die...
Your body rises from the dead as a mindless zombie.

### ##..# ##....#
#......## ......§.##
#### .....§§Y8# ####
##..##
.....§.@####..#####....#
.....§§Y.##....##.......
.....§§.....#.......∩.∩.
.......Y...###..........
.........### ##..##....#
........## ######..##
#.....Y.8 #### #.......#
##.....##


You could see 2 ice statues and 4 ice beasts.

Vanquished Creatures
  Gastronok (D:9)
  Erolcha (D:9)
  The ghost of r0y the Cleaver, a journeyman HOFi (D:11)
  The ghost of Lennu the Blocker, a novice FoFi of the Shining One (D:8)
  An unseen horror (D:10)
  Pikel (D:7)
  3 hill giants
  An ugly thing (D:11)
  A black mamba (Lair:1)
  The ghost of cutebanana the Destroyer, a novice DECj of Vehumet (D:6)
  Maurice (D:8)
  Joseph (D:8)
  A rime drake (Lair:3)
  A troll (D:9)
  A two-headed ogre (D:10)
  Prince Ribbit (D:8)
  9 yaks
  A human (D:8)
  A basilisk (Lair:2)
  A steam dragon (D:8)
  A hungry ghost (D:10)
  4 hippogriffs
  A soldier ant (D:11)
  A water moccasin (Lair:1)
  10 porcupines
  4 sky beasts
  A black bear (D:8)
  4 orc warriors
  An eye of draining (D:11)
  15 ice beasts
  4 phantoms
  11 wolves
  A wasp (D:8)
  5 ogres
  A centaur (D:8)
  2 necrophages
  2 crocodiles
  The ghost of Caphalor the Grave Robber, an amateur DsNe (D:3)
  7 big kobolds
  17 giant frogs
  A gnoll sergeant (D:8)
  4 scorpions
  A howler monkey (D:9)
  2 electric eels (Lair:3)
  7 crimson imps
  A giant frog zombie (D:5)
  Crazy Yiuf (D:4)
  5 hounds
  2 jellies
  6 orc priests
  2 giant frog skeletons
  3 iguanas
  6 worker ants
  5 orc wizards
  6 sheep (Lair:2)
  A hound skeleton (D:9)
  A howler monkey zombie (D:7)
  3 worker ant zombies
  Robin (D:2)
  A howler monkey skeleton (D:6)
  4 gnolls (D:8)
  15 adders
  13 river rats
  3 shadow imps
  8 oozes
  9 worms
  3 giant geckos
  29 orcs
  A giant cockroach (D:1)
  16 goblins
  5 hobgoblins
  15 jackals
  2 quokkas
  4 ball pythons
  A bat (D:1)
  A giant gecko skeleton (D:5)
  3 giant newts
  A jackal zombie (D:5)
  16 kobolds
  A quokka skeleton (D:4)
  14 rats
346 creatures vanquished.

Vanquished Creatures (collateral kills)
  A spiny frog (Lair:1)
  A yak (Lair:1)
  A water moccasin (Lair:1)
  An orc warrior (D:10)
  A crocodile (Lair:3)
  A giant frog (Lair:1)
  An iguana (Lair:2)
  2 sheep (Lair:2)
9 creatures vanquished.

Vanquished Creatures (others)
  A slave (D:7)
  A yak zombie (Lair:2)
  5 wolf zombies
  2 wolf skeletons (Lair:2)
  A two-headed ogre zombie (D:10)
  A worker ant (D:7)
  A mummy (Lair:3)
  A worker ant zombie (D:10)
  3 kobolds (D:7)
  An orc zombie (D:10)
17 creatures vanquished.

Grand Total: 372 creatures vanquished

Notes
Turn   | Place    | Note
--------------------------------------------------------------
     0 | D:1      | Kisielow the Minotaur Fighter began the quest for the Orb.
     0 | D:1      | Reached XP level 1. HP: 19/19 MP: 0/0
   180 | D:1      | Reached skill level 3 in Long Blades
   242 | D:1      | Reached XP level 2. HP: 26/26 MP: 1/1
   558 | D:1      | Reached skill level 4 in Long Blades
   693 | D:2      | Noticed Robin
   699 | D:1      | Reached XP level 3. HP: 29/31 MP: 2/2
   752 | D:2      | Killed Robin
   866 | D:2      | Reached skill level 5 in Long Blades
  1138 | D:2      | Found an ancient bone altar of Kikubaaqudgha.
  1148 | D:2      | Found a glowing golden altar of the Shining One.
  1202 | D:3      | Found a shadowy altar of Dithmenos.
  1389 | D:3      | Reached XP level 4. HP: 38/40 MP: 3/3
  1429 | D:3      | Found a shattered altar of Ashenzari.
  1429 | D:3      | Found a stormy altar of Qazlal.
  1462 | D:3      | Noticed Caphalor's ghost (amateur DsNe)
  1472 | D:3      | Killed Caphalor's ghost
  1472 | D:3      | Reached XP level 5. HP: 32/46 MP: 4/4
  1696 | D:3      | Found a radiant altar of Vehumet.
  1909 | D:4      | Got a fine mace
  1912 | D:4      | Identified the +8 mace "Lapryf" {venom, Int+2} (You found it on level 4 of the Dungeon)
  1915 | D:4      | Noticed Crazy Yiuf
  1922 | D:4      | Killed Crazy Yiuf
  2025 | D:4      | Found Dilewkin's Jewellery Emporium.
  2048 | D:4      | Reached skill level 6 in Long Blades
  2190 | D:4      | Reached XP level 6. HP: 46/52 MP: 5/5
  2363 | D:4      | Found an oddly glowing altar of Pakellas.
  2782 | D:4      | Reached skill level 5 in Shields
  2896 | D:5      | Entered Level 5 of the Dungeon
  3108 | D:5      | Reached skill level 5 in Fighting
  3108 | D:5      | Reached skill level 7 in Long Blades
  3108 | D:5      | Reached XP level 7. HP: 61/61 MP: 6/6
  3124 | D:5      | Got a spiked leather armour
  3126 | D:5      | Identified the +2 leather armour of the Voivode {rCorr MP+9} (You found it on level 5 of the Dungeon)
  3145 | D:5      | Reached skill level 5 in Armour
  3403 | D:5      | Found a shimmering altar of Xom.
  3778 | D:5      | Reached skill level 8 in Long Blades
  3778 | D:5      | Reached XP level 8. HP: 60/70 MP: 7/7
  3822 | D:5      | Found Ixithic's Gadget Emporium.
  4117 | D:6      | Found a shattered altar of Ashenzari.
  4217 | D:6      | Found a glowing drain.
  4244 | D:6      | Reached skill level 9 in Long Blades
  4250 | Sewer    | Entered a sewer
  5100 | D:6      | Noticed cutebanana's ghost (novice DECj)
  5105 | D:6      | Reached XP level 9. HP: 72/79 MP: 8/8
  5114 | D:6      | Killed cutebanana's ghost
  5193 | D:6      | Reached skill level 10 in Long Blades
  5680 | D:7      | Noticed Pikel
  5699 | D:7      | Killed Pikel
  5738 | D:7      | Found an iron altar of Okawaru.
  5738 | D:7      | Found a blossoming altar of Fedhas.
  5803 | D:7      | Found a staircase to the Ecumenical Temple.
  5824 | Temple   | Entered the Ecumenical Temple
  5896 | Temple   | Became a worshipper of Yredelemnul the Dark
  5944 | D:7      | Found a white marble altar of Elyvilon.
  5944 | D:7      | Found a deep blue altar of Sif Muna.
  6096 | D:7      | Reached skill level 11 in Long Blades
  6207 | D:8      | Paralysed by a wasp for 2 turns
  6251 | D:8      | Noticed Prince Ribbit
  6272 | D:8      | Killed Prince Ribbit
  6479 | D:8      | Reached XP level 10. HP: 73/89 MP: 9/9
  6592 | D:8      | Noticed Maurice
  6613 | D:8      | Killed Maurice
  6984 | D:8      | Noticed a hill giant
  6993 | D:8      | Killed a hill giant
  7084 | D:8      | Noticed Lennu's ghost (novice FoFi)
  7096 | D:8      | Reached skill level 12 in Long Blades
  7119 | D:8      | Killed Lennu's ghost
  7438 | D:8      | Noticed Joseph
  7441 | D:8      | Reached * piety under Yredelemnul
  7469 | D:8      | Killed Joseph
  7923 | D:8      | Noticed a hill giant
  7931 | D:8      | Killed a hill giant
  8368 | D:9      | Reached XP level 11. HP: 89/97 MP: 10/10
  8443 | D:9      | Reached skill level 13 in Long Blades
  8481 | D:9      | Noticed Erolcha
  8485 | D:9      | Paralysed by Erolcha for 4 turns
  8500 | D:9      | Killed Erolcha
  8500 | D:9      | Reached skill level 10 in Shields
  8829 | D:9      | Noticed Gastronok
  8846 | D:9      | Killed Gastronok
  8846 | D:9      | Reached skill level 10 in Fighting
  8846 | D:9      | Reached skill level 10 in Armour
  9111 | D:10     | Entered Level 10 of the Dungeon
  9134 | D:10     | Identified the Handbook of Supportive Combat Magic
  9141 | D:10     | Found Ulohec's Elemental Accessories.
  9143 | D:10     | Noticed a hill giant
  9151 | D:10     | Killed a hill giant
  9151 | D:10     | Reached skill level 1 in Invocations
  9151 | D:10     | Reached skill level 1 in Evocations
  9241 | D:10     | Noticed an unseen horror
  9246 | D:10     | Killed an unseen horror
  9267 | D:10     | Got a heavily runed scale mail
  9281 | D:10     | Identified the +5 scale mail of the Ladybird {Dex+7} (You found it on level 10 of the Dungeon)
  9445 | D:10     | Gained mutation: Scrolls take you a little longer to read. [mutagenic meat]
  9446 | D:10     | Gained mutation: You are frail (-10% HP). [mutagenic meat]
  9447 | D:10     | Gained mutation: Your spells are a little harder to cast, but a little more powerful. [mutagenic meat]
  9490 | D:10     | Found a staircase to the Orcish Mines.
  9508 | D:10     | Found a roughly hewn altar of Beogh.
  9530 | D:10     | Reached ** piety under Yredelemnul
  9931 | D:11     | Found a staircase to the Lair.
  9975 | D:11     | Got a tiger eye-encrusted chain mail
  9986 | D:11     | Identified the +0 chain mail "Quex" {rElec rPois Int+4} (You found it on level 11 of the Dungeon)
 10189 | D:11     | Noticed r0y's ghost (journeyman HOFi)
 10204 | D:11     | Killed r0y's ghost
 10215 | D:11     | Noticed a white ugly thing
 10227 | D:11     | Killed a white ugly thing
 10232 | D:11     | Gained mutation: Your body sometimes deteriorates upon taking damage. [mutagenic meat]
 10251 | D:11     | Lost mutation: You are frail (-10% HP). [potion of cure mutation]
 10251 | D:11     | Lost mutation: Your body sometimes deteriorates upon taking damage. [potion of cure mutation]
 10251 | D:11     | Lost mutation: Your spells are a little harder to cast, but a little more powerful. [potion of cure mutation]
 10251 | D:11     | Lost mutation: Scrolls take you a little longer to read. [potion of cure mutation]
 10521 | Lair:1   | Entered Level 1 of the Lair of Beasts
 10527 | Lair:1   | Reached skill level 5 in Invocations
 10614 | Lair:1   | Got a warped large shield
 10625 | Lair:1   | Identified the +3 large shield "Boiv" {Int+6} (You found it on level 1 of the Lair of Beasts)
 10948 | Lair:1   | Reached skill level 5 in Evocations
 10954 | Lair:1   | Reached XP level 12. HP: 93/107 MP: 15/15
 11920 | Lair:2   | Reached *** piety under Yredelemnul
 12863 | Lair:3   | Received a gift from Yredelemnul
 12947 | Lair:3   | Got a translucent cloak
 12953 | Lair:3   | Identified the +1 cloak of the Hidden Vale {Str+3} (You found it on level 3 of the Lair of Beasts)
 13180 | Lair:3   | Found a frozen archway.
 13242 | IceCv    | Entered an ice cave
 13482 | IceCv    | HP: 1/107 [ice statue] (10)]
 13482 | IceCv    | Killed from afar by an ice statue

Skill      XL: |  1  2  3  4  5  6  7  8  9 10 11 12 |
---------------+-------------------------------------+-----
Long Blades    | 3 4 5 6 7 8 9 11 12 13 | 13.0
Fighting       | 4 5 7 8 9 10 | 10.4
Shields        | 4 5 7 8 9 10 | 10.1
Armour         | 4 5 7 8 9 10 | 10.5
Invocations    | 5 8 |  8.0
Evocations     | 5 7 |  7.0

Action                   |  1- 3 |  4- 6 |  7- 9 | 10-12 || total
-------------------------+-------+-------+-------+-------++-------
Melee: Long sword        |    88 |    83 |   517 |   738 ||  1426
       Headbutt          |    11 |    12 |    72 |   158 ||   253
Invok: Animate Remains   |       |       |       |    18 ||    18
       Injury Mirror     |       |       |       |     1 ||     1
       Animate Dead      |       |       |       |     4 ||     4
       Recall Undead Sla |       |       |       |     1 ||     1
Evoke: Wand              |       |       |       |     3 ||     3
  Use: Scroll            |     9 |     2 |     8 |     9 ||    28
       Potion            |       |     3 |     1 |    12 ||    16
  Eat: Chunk             |     2 |     5 |    12 |    24 ||    43
       Pizza             |       |       |       |     3 ||     3
       Fruit             |       |       |       |     2 ||     2
Armor: Scale mail        |    17 |       |       |    22 ||    39
       Chain mail        |    33 |    24 |   149 |   176 ||   382
       Plate armour      |       |       |       |    25 ||    25
Dodge: Dodged            |    24 |    21 |    90 |    98 ||   233
Block: Shield            |    50 |    54 |   253 |   224 ||   581
       Large shield      |       |       |       |   287 ||   287
